Coyotes vs Penguins (R1)

Created - March 17, 2020 at 08:16

Goals
1 2 3 T
Coyotes 2 2 1 5
Penguins 2 1 1 4
Shots
1 2 3 T
Coyotes 8 16 12 36
Penguins 6 11 12 29

1st period

1. Penguins , Keith Aulie 4 (Logan Couture 20, Andrew Cogliano 17) at 0:54 (PP)
2. Coyotes , Brad Richards 12 (Michael Del Zotto 22, Josh Gorges 6) at 1:06
3. Coyotes , Tyler Ennis 18 (Kristopher Letang 23, Nazem Kadri 40) at 9:00 (PP)
4. Penguins , Joe Colborne 9 (Marcus Foligno 10, Sean Zimmerman 25) at 13:19

Penalties :
Marian Gaborik (Ari) for Holding (Minor) at 0:13, Matt Corrente (Pit) for Slashing (Minor) at 2:12, Evgeny Artyukhin (Ari) for Hooking (Minor) at 4:57, Matt Corrente (Pit) for Tripping (Minor) at 8:49, Dustin Brown (Pit) for Hooking (Minor) at 14:05

2nd period

5. Coyotes , Jamie Arniel 12 (Evgeny Artyukhin 7, Josh Gorges 7) at 4:51
6. Penguins , Andrew Cogliano 21 (Logan Couture 21) at 9:45 (PP)
7. Coyotes , Martin Samuelsson 8 (Jamie Arniel 17, Evgeny Artyukhin 8) at 10:36

Penalties :
Keith Aulie (Pit) for Slashing (Minor) at 5:13, Zach Parise (Ari) for Hooking (Minor) at 9:00, Eric Gryba (Pit) for Hooking (Minor) at 19:45

3rd period

8. Coyotes , Marian Gaborik 31 (Nazem Kadri 41, Anton Stralman 18) at 15:40
9. Penguins , Andrew Cogliano 22 (Dustin Brown 14, Logan Couture 22) at 18:57 (PP)

Penalties :
Matt Donovan (Ari) for Tripping (Minor) at 18:50

Goalie Stats

Maxime Daigneault (Ari), 25 saves from 29 shots - (0.862), W, 21-15-2, 60:00 minutes
Michal Neuvirth (Pit), 31 saves from 36 shots - (0.861), L, 26-17-4, 59:14 minutes

Players Stats for Coyotes

Player Name              G  A  P  +/- PIM S  H  SB GA TA FO     MP     PP MP  PK MP  
------------------------------------------------------------------------------------
Andrew MacDonald         0  0  0   0  0   0  0  0  0  0  0/0     5:12   0:00   1:11 
Anton Stralman           0  1  1   2  0   0  1  3  2  0  0/0    21:56   0:00   2:21 
Brad Richards            1  0  1   1  0   3  3  0  0  0  10/15  19:18   3:22   1:15 
Chris Stewart            0  0  0   1  0   2  1  0  0  1  2/2    17:13   3:22   0:00 
Evgeny Artyukhin         0  2  2   1  2   1  0  0  0  1  0/1    13:31   0:00   0:03 
Jamie Arniel             1  1  2   1  0   6  1  0  1  0  6/12   15:50   0:00   2:07 
Josh Gorges              0  2  2   0  0   1  1  1  1  0  0/0    17:11   0:00   2:21 
Kristopher Letang        0  1  1   2  0   3  1  1  1  0  0/0    25:44   5:16   0:00 
Marian Gaborik           1  0  1   1  2   5  2  2  0  0  1/1    24:39   4:45   0:00 
Martin Samuelsson        1  0  1   1  0   2  0  0  0  0  0/1    14:46   0:00   2:09 
Matt Donovan             0  0  0   1  2   0  2  0  0  0  0/0    15:08   2:51   0:00 
Michael Del Zotto        0  1  1   0  0   2  1  2  2  2  0/0    19:19   5:16   0:00 
Nazem Kadri              0  2  2   1  0   2  1  0  0  0  16/29  20:44   4:45   0:10 
Nick Bonino              0  0  0   0  0   2  0  0  0  0  1/4     5:14   0:00   0:00 
Ramzi Abid               0  0  0   0  0   0  0  0  0  0  0/0     5:43   0:00   0:29 
Thomas Hickey            0  0  0   1  0   0  0  0  0  0  0/0    15:29   2:51   1:11 
Tyler Ennis              1  0  1   1  0   6  3  0  1  0  0/0    21:29   4:45   0:00 
Zach Parise              0  0  0   1  2   1  1  0  0  0  1/1    17:58   3:22   0:51 

Players Stats for Penguins

Player Name              G  A  P  +/- PIM S  H  SB GA TA FO     MP     PP MP  PK MP  
------------------------------------------------------------------------------------
Ales Hemsky              0  0  0   0  0   0  0  0  0  0  0/0     6:37   0:00   0:00 
Andrew Cogliano          2  1  3  -3  0   4  2  0  0  0  1/3    14:53   1:30   1:05 
Cal Clutterbuck          0  0  0   0  0   0  1  0  0  0  0/1    11:39   0:00   0:00 
Claude Giroux            0  0  0   0  0   7  0  0  0  1  2/5    24:08   2:02   4:39 
Danny DeKeiser           0  0  0  -3  0   0  1  0  0  0  0/0    19:05   1:02   4:13 
Dustin Brown             0  1  1  -3  2   3  0  1  0  2  0/0    13:47   1:30   0:00 
Eric Gryba               0  0  0   0  2   0  1  1  0  1  0/0    15:07   0:00   1:52 
Joe Colborne             1  0  1   0  0   3  2  1  0  0  2/7    12:02   0:00   0:03 
Keith Aulie              1  0  1   0  2   3  0  3  1  0  0/0    27:33   2:30   3:44 
Logan Couture            0  3  3  -3  0   1  3  0  1  0  6/10   17:13   1:30   3:25 
Marcus Foligno           0  1  1   0  0   0  1  0  1  1  0/1    11:39   0:00   0:00 
Matt Corrente            0  0  0   0  4   1  0  0  0  1  0/0    13:25   0:00   0:00 
Michael Raffl            0  0  0   0  0   0  2  0  0  0  0/0     6:37   0:00   0:00 
Sean Bergenheim          0  0  0   0  0   1  2  2  0  0  0/0    22:09   2:02   2:23 
Sean Zimmerman           0  1  1   0  0   1  0  1  0  1  0/0    27:23   2:30   5:17 
Steven Stamkos           0  0  0   0  0   4  2  0  1  1  17/37  24:08   2:02   4:39 
Tomas Plekanec           0  0  0   0  0   0  3  0  0  0  1/2     6:37   0:00   0:00 
Victor Hedman            0  0  0  -3  0   1  0  0  0  0  0/0    17:46   1:02   1:08 

3 Stars

1 - Jamie Arniel (Ari)
2 - Andrew Cogliano (Pit)
3 - Brad Richards (Ari)

Power Play

Coyotes - 1 on 5 Attempt(s) - 20.00%
Penguins - 3 on 4 Attempt(s) - 75.00%

Penalty Kill

Coyotes - 1 on 4 Attempt(s) - 25.00% - Score 0 goal in Penalty Kill
Penguins - 4 on 5 Attempt(s) - 80.00% - Score 0 goal in Penalty Kill

Team Stat

Coyotes - Hits : 18 - Faceoff Wins : 37 - Blocked Shots : 9 - Penalty Minutes : 8
Penguins - Hits : 20 - Faceoff Wins : 29 - Blocked Shots : 9 - Penalty Minutes : 10

Official

Referees : Unknown
Linesman : Unknown

Game Notes

No Game Note

Finance

Level 1 -- Attendance: 4449 (74.15%) -- Ticket Income $533,880
Level 2 -- Attendance: 4142 (82.84%) -- Ticket Income $289,940
Level 3 -- Attendance: 1543 (77.15%) -- Ticket Income $69,435
Level 4 -- Attendance: 2843 (71.08%) -- Ticket Income $99,505
Luxury Box -- Attendance: 831 (83.10%) -- Ticket Income $166,200
Game was played at the Igloo.
Total Attendance: 13808 (76.71%)
Total Ticket Income: $1,158,960
Other Income: $173,844
Total Income: $1,332,804

Coyotes

5 vs 5 Forward 
   Center                   Left Wing                Right Wing               Time % Phy DF OF 
 1 Nazem Kadri              Tyler Ennis              Marian Gaborik           40     0   2  3  
 2 Brad Richards            Zach Parise              Chris Stewart            30     0   2  3  
 3 Jamie Arniel             Martin Samuelsson        Evgeny Artyukhin         20     0   2  3  
 4 Nick Bonino              Ramzi Abid               Marian Gaborik           10     0   2  3  

5 vs 5 Defense 
   Defense                  Defense                                           Time % Phy DF OF 
 1 Kristopher Letang        Anton Stralman                                    40     0   3  2  
 2 Josh Gorges              Michael Del Zotto                                 30     0   3  2  
 3 Matt Donovan             Thomas Hickey                                     20     0   3  2  
 4 Andrew MacDonald         Kristopher Letang                                 10     0   3  2  

PowerPlay Forward 
   Center                   Left Wing                Right Wing               Time % Phy DF OF 
 1 Nazem Kadri              Tyler Ennis              Marian Gaborik           60     0   1  4  
 2 Brad Richards            Zach Parise              Chris Stewart            40     0   1  4  

PowerPlay Defense
   Defense                  Defense                                           Time % Phy DF OF 
 1 Kristopher Letang        Michael Del Zotto                                 60     0   2  3  
 2 Thomas Hickey            Matt Donovan                                      40     0   2  3  

Penalty Kill 4 Players Forward 
   Center                   Wing                     Time % Phy DF OF 
 1 Jamie Arniel             Martin Samuelsson        60     0   3  2  
 2 Brad Richards            Zach Parise              40     0   3  2  

Penalty Kill 4 Players Defense
   Defense                  Defense                  Time % Phy DF OF 
 1 Josh Gorges              Anton Stralman           60     1   4  0  
 2 Andrew MacDonald         Thomas Hickey            40     1   4  0  

Penalty Kill - 3 Players Forward 
   Forward                                           Time % Phy DF OF 
 1 Tyler Ennis                                       60     0   4  1  
 2 Martin Samuelsson                                 40     0   4  1  

Penalty Kill - 3 Players Defense
   Defense                  Defense                  Time % Phy DF OF 
 1 Kristopher Letang        Anton Stralman           60     1   2  0  
 2 Josh Gorges              Andrew MacDonald         40     1   4  0  

4 vs 4 Forward 
   Center                   Wing                     Time % Phy DF OF 
 1 Tyler Ennis              Marian Gaborik           60     0   2  3  
 2 Zach Parise              Nazem Kadri              40     0   2  3  

4 vs 4 Defense
   Defense                  Defense                  Time % Phy DF OF 
 1 Kristopher Letang        Anton Stralman           60     0   3  2  
 2 Josh Gorges              Michael Del Zotto        40     0   3  2  

Last Minutes Offensive
   Center                   Left Wing                Right Wing               Defense                  Defense                  
   Nazem Kadri              Tyler Ennis              Marian Gaborik           Kristopher Letang        Anton Stralman           

Last Minutes Defensive
   Center                   Left Wing                Right Wing               Defense                  Defense                  
   Brad Richards            Tyler Ennis              Marian Gaborik           Josh Gorges              Anton Stralman           

Goaltenders
Starting : Maxime Daigneault        
Backup : Thomas McCollum          

Extra Forwards
Normal : Jamie Arniel, Martin Samuelsson, Evgeny Artyukhin - PP : Jamie Arniel, Martin Samuelsson - PK : Evgeny Artyukhin
Extra Defensemen
Normal : Andrew MacDonald, Thomas Hickey, Matt Donovan - PP : Josh Gorges - PK : Thomas Hickey, Kristopher Letang
Penalty Shots
Tyler Ennis, Marian Gaborik, Zach Parise, Nazem Kadri, Brad Richards

Scratches
Mike Weber (Healthy)

Penguins

5 vs 5 Forward 
   Center                   Left Wing                Right Wing               Time % Phy DF OF 
 1 Steven Stamkos           Sean Bergenheim          Claude Giroux            40     1   2  2  
 2 Logan Couture            Andrew Cogliano          Dustin Brown             30     1   2  2  
 3 Joe Colborne             Marcus Foligno           Cal Clutterbuck          20     1   2  2  
 4 Tomas Plekanec           Michael Raffl            Ales Hemsky              10     1   2  2  

5 vs 5 Defense 
   Defense                  Defense                                           Time % Phy DF OF 
 1 Keith Aulie              Sean Zimmerman                                    40     1   2  2  
 2 Victor Hedman            Danny DeKeiser                                    30     1   2  2  
 3 Eric Gryba               Matt Corrente                                     20     1   2  2  
 4 Keith Aulie              Sean Zimmerman                                    10     1   2  2  

PowerPlay Forward 
   Center                   Left Wing                Right Wing               Time % Phy DF OF 
 1 Steven Stamkos           Sean Bergenheim          Claude Giroux            60     1   1  3  
 2 Logan Couture            Andrew Cogliano          Dustin Brown             40     1   1  3  

PowerPlay Defense
   Defense                  Defense                                           Time % Phy DF OF 
 1 Keith Aulie              Sean Zimmerman                                    60     1   1  3  
 2 Victor Hedman            Danny DeKeiser                                    40     1   1  3  

Penalty Kill 4 Players Forward 
   Center                   Wing                     Time % Phy DF OF 
 1 Steven Stamkos           Claude Giroux            60     1   3  1  
 2 Logan Couture            Sean Bergenheim          40     1   3  1  

Penalty Kill 4 Players Defense
   Defense                  Defense                  Time % Phy DF OF 
 1 Keith Aulie              Sean Zimmerman           60     1   3  1  
 2 Eric Gryba               Danny DeKeiser           40     1   3  1  

Penalty Kill - 3 Players Forward 
   Forward                                           Time % Phy DF OF 
 1 Claude Giroux                                     60     1   3  1  
 2 Sean Bergenheim                                   40     1   3  1  

Penalty Kill - 3 Players Defense
   Defense                  Defense                  Time % Phy DF OF 
 1 Keith Aulie              Sean Zimmerman           60     1   3  1  
 2 Eric Gryba               Danny DeKeiser           40     1   3  1  

4 vs 4 Forward 
   Center                   Wing                     Time % Phy DF OF 
 1 Steven Stamkos           Claude Giroux            60     1   2  2  
 2 Logan Couture            Andrew Cogliano          40     1   2  2  

4 vs 4 Defense
   Defense                  Defense                  Time % Phy DF OF 
 1 Keith Aulie              Sean Zimmerman           60     1   2  2  
 2 Victor Hedman            Danny DeKeiser           40     1   2  2  

Last Minutes Offensive
   Center                   Left Wing                Right Wing               Defense                  Defense                  
   Steven Stamkos           Sean Bergenheim          Claude Giroux            Keith Aulie              Sean Zimmerman           

Last Minutes Defensive
   Center                   Left Wing                Right Wing               Defense                  Defense                  
   Steven Stamkos           Sean Bergenheim          Claude Giroux            Keith Aulie              Sean Zimmerman           

Goaltenders
Starting : Michal Neuvirth          
Backup : Sergei Bobrovsky         

Extra Forwards
Normal : Steven Stamkos, Andrew Cogliano, Marcus Foligno - PP : Steven Stamkos, Andrew Cogliano - PK : Claude Giroux
Extra Defensemen
Normal : Sean Zimmerman, Danny DeKeiser, Eric Gryba - PP : Victor Hedman - PK : Sean Zimmerman, Danny DeKeiser
Penalty Shots
Andrew Cogliano, Claude Giroux, Dustin Brown, Sean Bergenheim, Steven Stamkos

Scratches
None


% Time on Ice - Coyotes

Lines # - Real PCT - Wanted PCT - Time Play
Normal Forward
1 - 33% - 40% - 15:42
2 - 29% - 30% - 13:46
3 - 27% - 20% - 12:37
4 - 11% - 10% - 5:14
Normal Defense
1 - 40% - 40% - 19:05
2 - 29% - 30% - 13:47
3 - 24% - 20% - 11:21
4 - 7% - 10% - 3:06
PP Forward
1 - 59% - 60% - 4:45
2 - 41% - 40% - 3:22
PP Defense
1 - 65% - 60% - 5:16
2 - 35% - 40% - 2:51
PK Forward
1 - 75% - 60% - 2:38
2 - 25% - 40% - 0:54
PK Defense
1 - 67% - 60% - 2:21
2 - 33% - 40% - 1:11
PK3 Forward
1 - 0% - 60%
2 - 0% - 40%
PK3 Defense
1 - 0% - 60%
2 - 0% - 40%
44 Forward
1 - 0% - 60%
2 - 0% - 40%
44 Defense
1 - 0% - 60%
2 - 0% - 40%
Last Minute Offensive  - 0:00
Last Minute Defensive  - 1:02
Total
Forward - 60:00
Defense - 60:00

% Time on Ice - Penguins

Lines # - Real PCT - Wanted PCT - Time Play
Normal Forward
1 - 35% - 40% - 16:28
2 - 27% - 30% - 12:35
3 - 25% - 20% - 11:39
4 - 14% - 10% - 6:37
Normal Defense
1 - 39% - 40% - 18:37
2 - 31% - 30% - 14:48
3 - 28% - 20% - 13:07
4 - 2% - 10% - 0:47
PP Forward
1 - 58% - 60% - 2:02
2 - 42% - 40% - 1:30
PP Defense
1 - 71% - 60% - 2:30
2 - 29% - 40% - 1:02
PK Forward
1 - 71% - 60% - 5:44
2 - 29% - 40% - 2:23
PK Defense
1 - 67% - 60% - 5:27
2 - 33% - 40% - 2:40
PK3 Forward
1 - 0% - 60%
2 - 0% - 40%
PK3 Defense
1 - 0% - 60%
2 - 0% - 40%
44 Forward
1 - 0% - 60%
2 - 0% - 40%
44 Defense
1 - 0% - 60%
2 - 0% - 40%
Last Minute Offensive  - 1:02
Last Minute Defensive  - 0:00
Total
Forward - 60:00
Defense - 60:00

Play-by-Play

1st period


0:01 of 1st period - Nazem Kadri wins face-off versus Steven Stamkos in neutral zone.
0:13 of 1st period - Minor Penalty to Marian Gaborik for Holding.
0:14 of 1st period - Steven Stamkos wins face-off versus Jamie Arniel in Coyotes zone.
0:52 of 1st period - Wrist shot by Logan Couture.
0:52 of 1st period - Shot Misses the Net.
0:54 of 1st period - Wrist shot by Keith Aulie.
0:54 of 1st period - Goal by Keith Aulie - Coyotes : 0 - Penguins : 1.
0:55 of 1st period - Brad Richards wins face-off versus Andrew Cogliano in neutral zone.
1:00 of 1st period - Slapshot by Michael Del Zotto.
1:00 of 1st period - Stopped by Michal Neuvirth with a rebound.
1:02 of 1st period - Slapshot by Josh Gorges.
1:02 of 1st period - Stopped by Michal Neuvirth with a rebound.
1:04 of 1st period - Slapshot by Michael Del Zotto.
1:04 of 1st period - Stopped by Michal Neuvirth with a rebound.
1:06 of 1st period - Snap shot by Brad Richards.
1:06 of 1st period - Goal by Brad Richards - Coyotes : 1 - Penguins : 1.
1:07 of 1st period - Joe Colborne wins face-off versus Jamie Arniel in neutral zone.
2:12 of 1st period - Minor Penalty to Matt Corrente for Slashing.
2:13 of 1st period - Steven Stamkos wins face-off versus Nazem Kadri in Penguins zone.
2:24 of 1st period - Slapshot by Steven Stamkos.
2:24 of 1st period - Shot Blocked by Michael Del Zotto.
2:40 of 1st period - Sean Zimmerman is hit by Brad Richards and loses puck.
4:12 of 1st period - Penalty to Matt Corrente is over, Matt Corrente is back on ice.
4:22 of 1st period - Danny DeKeiser is hit by Tyler Ennis and loses puck.
4:35 of 1st period - Snap shot by Sean Bergenheim.
4:35 of 1st period - Stopped by Maxime Daigneault without a rebound.
4:36 of 1st period - Tomas Plekanec wins face-off versus Jamie Arniel in Coyotes zone.
4:57 of 1st period - Minor Penalty to Evgeny Artyukhin for Hooking.
4:58 of 1st period - Jamie Arniel wins face-off versus Steven Stamkos in Coyotes zone.
6:57 of 1st period - Penalty to Evgeny Artyukhin is over, Evgeny Artyukhin is back on ice.
7:07 of 1st period - Joe Colborne is hit by Anton Stralman and loses puck.
7:45 of 1st period - Matt Donovan is hit by Eric Gryba and loses puck.
7:56 of 1st period - Jamie Arniel is hit by Tomas Plekanec and loses puck.
8:03 of 1st period - Jamie Arniel is hit by Tomas Plekanec and loses puck.
8:16 of 1st period - Snap shot by Brad Richards.
8:16 of 1st period - Shot Misses the Net.
8:18 of 1st period - Slapshot by Michael Del Zotto.
8:18 of 1st period - Shot Blocked by Eric Gryba.
8:30 of 1st period - Claude Giroux is hit by Josh Gorges and loses puck.
8:49 of 1st period - Minor Penalty to Matt Corrente for Tripping.
8:50 of 1st period - Steven Stamkos wins face-off versus Nazem Kadri in Penguins zone.
9:00 of 1st period - Wrist shot by Tyler Ennis.
9:00 of 1st period - Deflect By Claude Giroux.
9:00 of 1st period - Goal by Tyler Ennis - Coyotes : 2 - Penguins : 1.
9:01 of 1st period - Nazem Kadri wins face-off versus Steven Stamkos in neutral zone.
9:06 of 1st period - Snap shot by Nazem Kadri.
9:06 of 1st period - Deflect By Claude Giroux.
9:06 of 1st period - Shot Blocked by Keith Aulie.
9:06 of 1st period - Puck is out of play.
9:07 of 1st period - Nazem Kadri wins face-off versus Steven Stamkos in Penguins zone.
9:38 of 1st period - Slapshot by Keith Aulie.
9:38 of 1st period - Shot Misses the Net.
10:18 of 1st period - Wrist shot by Steven Stamkos.
10:18 of 1st period - Stopped by Maxime Daigneault without a rebound.
10:19 of 1st period - Steven Stamkos wins face-off versus Nick Bonino in Coyotes zone.
10:20 of 1st period - Snap shot by Claude Giroux.
10:20 of 1st period - Shot Misses the Net.
10:26 of 1st period - Snap shot by Marian Gaborik.
10:26 of 1st period - Shot Misses the Net.
10:28 of 1st period - Snap shot by Marian Gaborik.
10:28 of 1st period - Stopped by Michal Neuvirth with a rebound.
10:30 of 1st period - Slapshot by Kristopher Letang.
10:30 of 1st period - Shot Blocked by Keith Aulie.
10:32 of 1st period - Slapshot by Kristopher Letang.
10:32 of 1st period - Stopped by Michal Neuvirth without a rebound.
10:33 of 1st period - Nazem Kadri wins face-off versus Claude Giroux in Penguins zone.
10:49 of 1st period - Snap shot by Marian Gaborik.
10:49 of 1st period - Deflect By Tyler Ennis.
10:49 of 1st period - Shot Blocked by Sean Zimmerman.
10:49 of 1st period - Puck is out of play.
10:50 of 1st period - Brad Richards wins face-off versus Logan Couture in Penguins zone.
11:01 of 1st period - Kristopher Letang is hit by Logan Couture and loses puck.
12:00 of 1st period - Slapshot by Kristopher Letang.
12:00 of 1st period - Deflect By Chris Stewart.
12:00 of 1st period - Stopped by Michal Neuvirth without a rebound.
12:01 of 1st period - Brad Richards wins face-off versus Steven Stamkos in Penguins zone.
12:25 of 1st period - Icing by Zach Parise.
12:26 of 1st period - Brad Richards wins face-off versus Logan Couture in Coyotes zone.
12:43 of 1st period - Slapshot by Andrew Cogliano.
12:43 of 1st period - Stopped by Maxime Daigneault with a rebound.
12:55 of 1st period - Wrist shot by Tyler Ennis.
12:55 of 1st period - Shot Misses the Net.
13:19 of 1st period - Wrist shot by Joe Colborne.
13:19 of 1st period - Goal by Joe Colborne - Coyotes : 2 - Penguins : 2.
13:20 of 1st period - Nazem Kadri wins face-off versus Steven Stamkos in neutral zone.
13:31 of 1st period - Wrist shot by Claude Giroux.
13:31 of 1st period - Stopped by Maxime Daigneault with a rebound.
14:05 of 1st period - Minor Penalty to Dustin Brown for Hooking.
14:06 of 1st period - Steven Stamkos wins face-off versus Nazem Kadri in Penguins zone.
16:05 of 1st period - Penalty to Dustin Brown is over, Dustin Brown is back on ice.
16:58 of 1st period - Snap shot by Andrew Cogliano.
16:58 of 1st period - Shot Blocked by Anton Stralman.
17:00 of 1st period - Slapshot by Victor Hedman.
17:00 of 1st period - Shot Misses the Net.
18:10 of 1st period - Tyler Ennis is hit by Tomas Plekanec and loses puck.
18:36 of 1st period - Icing by Sean Bergenheim.
18:37 of 1st period - Joe Colborne wins face-off versus Nick Bonino in Penguins zone.
19:57 of 1st period - Icing by Anton Stralman.
19:58 of 1st period - Steven Stamkos wins face-off versus Evgeny Artyukhin in Coyotes zone.
Goals for this period are 2 for Coyotes vs 2 for Penguins.
Shots for this period are 8 for Coyotes vs 6 for Penguins.

2nd period


0:01 of 2nd period - Steven Stamkos wins face-off versus Nazem Kadri in neutral zone.
0:06 of 2nd period - Slapshot by Claude Giroux.
0:06 of 2nd period - Shot Blocked by Anton Stralman.
0:16 of 2nd period - Snap shot by Marian Gaborik.
0:16 of 2nd period - Deflect By Nazem Kadri.
0:16 of 2nd period - Shot Misses the Net.
0:16 of 2nd period - Puck is out of play.
0:17 of 2nd period - Chris Stewart wins face-off versus Logan Couture in Penguins zone.
0:37 of 2nd period - Thomas Hickey is hit by Logan Couture and loses puck.
0:54 of 2nd period - Snap shot by Tyler Ennis.
0:54 of 2nd period - Stopped by Michal Neuvirth without a rebound.
0:55 of 2nd period - Nazem Kadri wins face-off versus Steven Stamkos in Penguins zone.
1:21 of 2nd period - Steven Stamkos is hit by Marian Gaborik.
1:29 of 2nd period - Snap shot by Claude Giroux.
1:29 of 2nd period - Stopped by Maxime Daigneault without a rebound.
1:30 of 2nd period - Logan Couture wins face-off versus Brad Richards in Coyotes zone.
1:31 of 2nd period - Slapshot by Dustin Brown.
1:31 of 2nd period - Stopped by Maxime Daigneault without a rebound.
1:32 of 2nd period - Brad Richards wins face-off versus Logan Couture in Coyotes zone.
1:43 of 2nd period - Snap shot by Chris Stewart.
1:43 of 2nd period - Shot Misses the Net.
2:24 of 2nd period - Wrist shot by Jamie Arniel.
2:24 of 2nd period - Stopped by Michal Neuvirth with a rebound.
4:01 of 2nd period - Off-side.
4:02 of 2nd period - Nazem Kadri wins face-off versus Claude Giroux in neutral zone.
4:21 of 2nd period - Claude Giroux is hit by Brad Richards and loses puck.
4:28 of 2nd period - Eric Gryba is hit by Brad Richards and loses puck.
4:43 of 2nd period - Michael Del Zotto is hit by Andrew Cogliano and loses puck.
4:51 of 2nd period - Snap shot by Jamie Arniel.
4:51 of 2nd period - Goal by Jamie Arniel - Coyotes : 3 - Penguins : 2.
4:52 of 2nd period - Nazem Kadri wins face-off versus Steven Stamkos in neutral zone.
4:55 of 2nd period - Claude Giroux is hit by Tyler Ennis and loses puck.
5:00 of 2nd period - Wrist shot by Marian Gaborik.
5:00 of 2nd period - Shot Misses the Net.
5:02 of 2nd period - Snap shot by Tyler Ennis.
5:02 of 2nd period - Deflect By Steven Stamkos.
5:02 of 2nd period - Stopped by Michal Neuvirth without a rebound.
5:03 of 2nd period - Claude Giroux wins face-off versus Nazem Kadri in Penguins zone.
5:13 of 2nd period - Minor Penalty to Keith Aulie for Slashing.
5:14 of 2nd period - Nazem Kadri wins face-off versus Steven Stamkos in Penguins zone.
5:26 of 2nd period - Wrist shot by Tyler Ennis.
5:26 of 2nd period - Deflect By Marian Gaborik.
5:26 of 2nd period - Shot Misses the Net.
5:26 of 2nd period - Puck is out of play.
5:27 of 2nd period - Nazem Kadri wins face-off versus Steven Stamkos in Penguins zone.
7:13 of 2nd period - Penalty to Keith Aulie is over, Keith Aulie is back on ice.
7:28 of 2nd period - Matt Donovan is hit by Cal Clutterbuck and loses puck.
7:41 of 2nd period - Thomas Hickey is hit by Michael Raffl and loses puck.
7:52 of 2nd period - Evgeny Artyukhin is hit by Michael Raffl and loses puck.
8:21 of 2nd period - Keith Aulie is hit by Chris Stewart and loses puck.
8:38 of 2nd period - Marian Gaborik is hit by Steven Stamkos and loses puck.
8:43 of 2nd period - Slapshot by Claude Giroux.
8:43 of 2nd period - Stopped by Maxime Daigneault without a rebound.
8:44 of 2nd period - Brad Richards wins face-off versus Joe Colborne in Coyotes zone.
8:51 of 2nd period - Backhand shot by Chris Stewart.
8:51 of 2nd period - Stopped by Michal Neuvirth without a rebound.
8:52 of 2nd period - Chris Stewart wins face-off versus Joe Colborne in Penguins zone.
9:00 of 2nd period - Minor Penalty to Zach Parise for Hooking.
9:01 of 2nd period - Steven Stamkos wins face-off versus Jamie Arniel in Coyotes zone.
9:05 of 2nd period - Slapshot by Steven Stamkos.
9:05 of 2nd period - Shot Misses the Net.
9:07 of 2nd period - Slapshot by Steven Stamkos.
9:07 of 2nd period - Stopped by Maxime Daigneault with a rebound.
9:09 of 2nd period - Slapshot by Keith Aulie.
9:09 of 2nd period - Stopped by Maxime Daigneault with a rebound.
9:11 of 2nd period - Wrist shot by Sean Zimmerman.
9:11 of 2nd period - Shot Misses the Net.
9:13 of 2nd period - Wrist shot by Claude Giroux.
9:13 of 2nd period - Stopped by Maxime Daigneault without a rebound.
9:14 of 2nd period - Claude Giroux wins face-off versus Martin Samuelsson in Coyotes zone.
9:29 of 2nd period - Snap shot by Claude Giroux.
9:29 of 2nd period - Shot Blocked by Josh Gorges.
9:45 of 2nd period - Snap shot by Andrew Cogliano.
9:45 of 2nd period - Goal by Andrew Cogliano - Coyotes : 3 - Penguins : 3.
9:46 of 2nd period - Nazem Kadri wins face-off versus Claude Giroux in neutral zone.
10:12 of 2nd period - Logan Couture is hit by Zach Parise and loses puck.
10:20 of 2nd period - Wrist shot by Andrew Cogliano.
10:20 of 2nd period - Shot Misses the Net.
10:22 of 2nd period - Slapshot by Sean Zimmerman.
10:22 of 2nd period - Stopped by Maxime Daigneault with a rebound.
10:32 of 2nd period - Snap shot by Anton Stralman.
10:32 of 2nd period - Deflect By Evgeny Artyukhin.
10:32 of 2nd period - Stopped by Michal Neuvirth with a rebound.
10:34 of 2nd period - Wrist shot by Jamie Arniel.
10:34 of 2nd period - Stopped by Michal Neuvirth with a rebound.
10:36 of 2nd period - Wrist shot by Martin Samuelsson.
10:36 of 2nd period - Goal by Martin Samuelsson - Coyotes : 4 - Penguins : 3.
10:37 of 2nd period - Steven Stamkos wins face-off versus Nazem Kadri in neutral zone.
11:01 of 2nd period - Icing by Marian Gaborik.
11:02 of 2nd period - Brad Richards wins face-off versus Andrew Cogliano in Coyotes zone.
11:07 of 2nd period - Slapshot by Brad Richards.
11:07 of 2nd period - Shot Blocked by Dustin Brown.
11:19 of 2nd period - Wrist shot by Dustin Brown.
11:19 of 2nd period - Shot Misses the Net.
11:52 of 2nd period - Snap shot by Zach Parise.
11:52 of 2nd period - Stopped by Michal Neuvirth without a rebound.
11:53 of 2nd period - Steven Stamkos wins face-off versus Nazem Kadri in Penguins zone.
13:16 of 2nd period - Snap shot by Claude Giroux.
13:16 of 2nd period - Stopped by Maxime Daigneault with a rebound.
13:40 of 2nd period - Wrist shot by Joe Colborne.
13:40 of 2nd period - Stopped by Maxime Daigneault without a rebound.
13:41 of 2nd period - Jamie Arniel wins face-off versus Cal Clutterbuck in Coyotes zone.
13:41 of 2nd period - Jamie Arniel is hit by Joe Colborne.
13:53 of 2nd period - Snap shot by Nick Bonino.
13:53 of 2nd period - Shot Blocked by Joe Colborne.
13:55 of 2nd period - Slapshot by Jamie Arniel.
13:55 of 2nd period - Stopped by Michal Neuvirth with a rebound.
13:57 of 2nd period - Slapshot by Nick Bonino.
13:57 of 2nd period - Stopped by Michal Neuvirth with a rebound.
14:07 of 2nd period - Matt Corrente is hit by Tyler Ennis and loses puck.
14:36 of 2nd period - Claude Giroux is hit by Matt Donovan and loses puck.
15:23 of 2nd period - Snap shot by Tyler Ennis.
15:23 of 2nd period - Shot Misses the Net.
15:55 of 2nd period - Wrist shot by Nick Bonino.
15:55 of 2nd period - Stopped by Michal Neuvirth without a rebound.
15:56 of 2nd period - Nick Bonino wins face-off versus Steven Stamkos in Penguins zone.
16:23 of 2nd period - Josh Gorges is hit by Andrew Cogliano.
17:04 of 2nd period - Wrist shot by Ales Hemsky.
17:04 of 2nd period - Shot Misses the Net.
17:06 of 2nd period - Slapshot by Victor Hedman.
17:06 of 2nd period - Deflect By Matt Donovan.
17:06 of 2nd period - Stopped by Maxime Daigneault without a rebound.
17:07 of 2nd period - Brad Richards wins face-off versus Steven Stamkos in Coyotes zone.
17:24 of 2nd period - Wrist shot by Brad Richards.
17:24 of 2nd period - Shot Misses the Net.
17:47 of 2nd period - Victor Hedman is hit by Michael Del Zotto and loses puck.
17:57 of 2nd period - Off-side.
17:58 of 2nd period - Jamie Arniel wins face-off versus Steven Stamkos in neutral zone.
18:44 of 2nd period - Off-side.
18:45 of 2nd period - Brad Richards wins face-off versus Tomas Plekanec in neutral zone.
18:47 of 2nd period - Anton Stralman is hit by Danny DeKeiser and loses puck.
18:52 of 2nd period - Slapshot by Brad Richards.
18:52 of 2nd period - Stopped by Michal Neuvirth with a rebound.
18:54 of 2nd period - Slapshot by Kristopher Letang.
18:54 of 2nd period - Stopped by Michal Neuvirth with a rebound.
19:38 of 2nd period - Wrist shot by Jamie Arniel.
19:38 of 2nd period - Stopped by Michal Neuvirth with a rebound.
19:45 of 2nd period - Minor Penalty to Eric Gryba for Hooking.
19:46 of 2nd period - Nazem Kadri wins face-off versus Steven Stamkos in Penguins zone.
19:48 of 2nd period - Slapshot by Nazem Kadri.
19:48 of 2nd period - Deflect By Tyler Ennis.
19:48 of 2nd period - Stopped by Michal Neuvirth without a rebound.
19:49 of 2nd period - Steven Stamkos wins face-off versus Nazem Kadri in Penguins zone.
19:58 of 2nd period - Steven Stamkos is hit by Nazem Kadri and loses puck.
Goals for this period are 2 for Coyotes vs 1 for Penguins.
Shots for this period are 16 for Coyotes vs 11 for Penguins.

3rd period


0:01 of 3rd period - Nazem Kadri wins face-off versus Steven Stamkos in neutral zone.
0:10 of 3rd period - Wrist shot by Tyler Ennis.
0:10 of 3rd period - Shot Misses the Net.
1:27 of 3rd period - Nazem Kadri is hit by Sean Bergenheim and loses puck.
1:45 of 3rd period - Penalty to Eric Gryba is over, Eric Gryba is back on ice.
3:32 of 3rd period - Snap shot by Andrew Cogliano.
3:32 of 3rd period - Stopped by Maxime Daigneault with a rebound.
4:44 of 3rd period - Icing by Logan Couture.
4:45 of 3rd period - Logan Couture wins face-off versus Nick Bonino in Penguins zone.
5:19 of 3rd period - Snap shot by Claude Giroux.
5:19 of 3rd period - Stopped by Maxime Daigneault with a rebound.
5:55 of 3rd period - Slapshot by Matt Corrente.
5:55 of 3rd period - Deflect By Michael Del Zotto.
5:55 of 3rd period - Stopped by Maxime Daigneault with a rebound.
5:57 of 3rd period - Slapshot by Matt Corrente.
5:57 of 3rd period - Shot Blocked by Michael Del Zotto.
6:35 of 3rd period - Slapshot by Steven Stamkos.
6:35 of 3rd period - Shot Misses the Net.
6:37 of 3rd period - Snap shot by Claude Giroux.
6:37 of 3rd period - Deflect By Sean Bergenheim.
6:37 of 3rd period - Shot Misses the Net.
6:37 of 3rd period - Puck is out of play.
6:38 of 3rd period - Steven Stamkos wins face-off versus Nazem Kadri in Coyotes zone.
6:55 of 3rd period - Snap shot by Marian Gaborik.
6:55 of 3rd period - Stopped by Michal Neuvirth with a rebound.
6:57 of 3rd period - Slapshot by Matt Donovan.
6:57 of 3rd period - Shot Blocked by Sean Bergenheim.
7:17 of 3rd period - Slapshot by Marian Gaborik.
7:17 of 3rd period - Deflect By Nazem Kadri.
7:17 of 3rd period - Shot Blocked by Sean Bergenheim.
7:17 of 3rd period - Puck is out of play.
7:18 of 3rd period - Logan Couture wins face-off versus Brad Richards in Penguins zone.
7:29 of 3rd period - Wrist shot by Dustin Brown.
7:29 of 3rd period - Stopped by Maxime Daigneault without a rebound.
7:30 of 3rd period - Logan Couture wins face-off versus Brad Richards in Coyotes zone.
8:02 of 3rd period - Wrist shot by Michael Del Zotto.
8:02 of 3rd period - Deflect By Tyler Ennis.
8:02 of 3rd period - Shot Misses the Net.
8:02 of 3rd period - Puck is out of play.
8:03 of 3rd period - Marian Gaborik wins face-off versus Steven Stamkos in Penguins zone.
8:14 of 3rd period - Wrist shot by Tyler Ennis.
8:14 of 3rd period - Stopped by Michal Neuvirth without a rebound.
8:15 of 3rd period - Steven Stamkos wins face-off versus Nazem Kadri in Penguins zone.
8:20 of 3rd period - Anton Stralman is hit by Steven Stamkos and loses puck.
8:25 of 3rd period - Snap shot by Claude Giroux.
8:25 of 3rd period - Stopped by Maxime Daigneault without a rebound.
8:26 of 3rd period - Steven Stamkos wins face-off versus Nazem Kadri in Coyotes zone.
8:33 of 3rd period - Snap shot by Nazem Kadri.
8:33 of 3rd period - Stopped by Michal Neuvirth without a rebound.
8:34 of 3rd period - Nazem Kadri wins face-off versus Steven Stamkos in Penguins zone.
8:35 of 3rd period - Slapshot by Tyler Ennis.
8:35 of 3rd period - Shot Misses the Net.
8:37 of 3rd period - Wrist shot by Nazem Kadri.
8:37 of 3rd period - Stopped by Michal Neuvirth without a rebound.
8:38 of 3rd period - Steven Stamkos wins face-off versus Nazem Kadri in Penguins zone.
8:47 of 3rd period - Wrist shot by Steven Stamkos.
8:47 of 3rd period - Shot Blocked by Marian Gaborik.
9:26 of 3rd period - Keith Aulie is hit by Kristopher Letang and loses puck.
9:33 of 3rd period - Slapshot by Jamie Arniel.
9:33 of 3rd period - Stopped by Michal Neuvirth with a rebound.
10:15 of 3rd period - Snap shot by Steven Stamkos.
10:15 of 3rd period - Stopped by Maxime Daigneault with a rebound.
11:39 of 3rd period - Snap shot by Dustin Brown.
11:39 of 3rd period - Shot Misses the Net.
11:41 of 3rd period - Slapshot by Logan Couture.
11:41 of 3rd period - Stopped by Maxime Daigneault with a rebound.
11:43 of 3rd period - Wrist shot by Andrew Cogliano.
11:43 of 3rd period - Shot Misses the Net.
12:31 of 3rd period - Michael Raffl is hit by Matt Donovan and loses puck.
12:54 of 3rd period - Marian Gaborik is hit by Logan Couture and loses puck.
13:09 of 3rd period - Andrew MacDonald is hit by Joe Colborne and loses puck.
13:14 of 3rd period - Snap shot by Joe Colborne.
13:14 of 3rd period - Stopped by Maxime Daigneault without a rebound.
13:15 of 3rd period - Jamie Arniel wins face-off versus Joe Colborne in Coyotes zone.
13:20 of 3rd period - Joe Colborne is hit by Jamie Arniel and loses puck.
13:36 of 3rd period - Matt Donovan is hit by Marcus Foligno and loses puck.
14:29 of 3rd period - Snap shot by Thomas Hickey.
14:29 of 3rd period - Deflect By Martin Samuelsson.
14:29 of 3rd period - Stopped by Michal Neuvirth with a rebound.
15:05 of 3rd period - Snap shot by Cal Clutterbuck.
15:05 of 3rd period - Deflect By Marcus Foligno.
15:05 of 3rd period - Shot Misses the Net.
15:05 of 3rd period - Puck is out of play.
15:06 of 3rd period - Nazem Kadri wins face-off versus Steven Stamkos in Coyotes zone.
15:21 of 3rd period - Kristopher Letang is hit by Sean Bergenheim and loses puck.
15:25 of 3rd period - Icing by Kristopher Letang.
15:26 of 3rd period - Andrew Cogliano wins face-off versus Nazem Kadri in Coyotes zone.
15:27 of 3rd period - Snap shot by Logan Couture.
15:27 of 3rd period - Shot Misses the Net.
15:40 of 3rd period - Wrist shot by Marian Gaborik.
15:40 of 3rd period - Goal by Marian Gaborik - Coyotes : 5 - Penguins : 3.
15:41 of 3rd period - Nazem Kadri wins face-off versus Steven Stamkos in neutral zone.
16:40 of 3rd period - Snap shot by Tyler Ennis.
16:40 of 3rd period - Stopped by Michal Neuvirth with a rebound.
16:42 of 3rd period - Slapshot by Kristopher Letang.
16:42 of 3rd period - Stopped by Michal Neuvirth with a rebound.
16:44 of 3rd period - Slapshot by Kristopher Letang.
16:44 of 3rd period - Deflect By Marian Gaborik.
16:44 of 3rd period - Stopped by Michal Neuvirth with a rebound.
16:46 of 3rd period - Snap shot by Tyler Ennis.
16:46 of 3rd period - Shot Misses the Net.
16:48 of 3rd period - Slapshot by Marian Gaborik.
16:48 of 3rd period - Shot Misses the Net.
16:50 of 3rd period - Snap shot by Tyler Ennis.
16:50 of 3rd period - Deflect By Marian Gaborik.
16:50 of 3rd period - Deflect By Victor Hedman.
16:50 of 3rd period - Stopped by Michal Neuvirth without a rebound.
16:51 of 3rd period - Steven Stamkos wins face-off versus Brad Richards in Penguins zone.
17:06 of 3rd period - Slapshot by Zach Parise.
17:06 of 3rd period - Shot Blocked by Keith Aulie.
17:08 of 3rd period - Snap shot by Brad Richards.
17:08 of 3rd period - Stopped by Michal Neuvirth without a rebound.
17:09 of 3rd period - Jamie Arniel wins face-off versus Joe Colborne in Penguins zone.
17:16 of 3rd period - Wrist shot by Keith Aulie.
17:16 of 3rd period - Stopped by Maxime Daigneault without a rebound.
17:17 of 3rd period - Jamie Arniel wins face-off versus Marcus Foligno in Coyotes zone.
18:33 of 3rd period - Wrist shot by Steven Stamkos.
18:33 of 3rd period - Deflect By Claude Giroux.
18:33 of 3rd period - Shot Blocked by Kristopher Letang.
18:33 of 3rd period - Puck is out of play.
18:34 of 3rd period - Zach Parise wins face-off versus Joe Colborne in Coyotes zone.
18:50 of 3rd period - Minor Penalty to Matt Donovan for Tripping.
18:51 of 3rd period - Logan Couture wins face-off versus Jamie Arniel in Coyotes zone.
18:51 of 3rd period - Wrist shot by Dustin Brown.
18:51 of 3rd period - Stopped by Maxime Daigneault without a rebound.
18:52 of 3rd period - Logan Couture wins face-off versus Jamie Arniel in Coyotes zone.
18:55 of 3rd period - Wrist shot by Dustin Brown.
18:55 of 3rd period - Shot Blocked by Anton Stralman.
18:57 of 3rd period - Wrist shot by Andrew Cogliano.
18:57 of 3rd period - Goal by Andrew Cogliano - Coyotes : 5 - Penguins : 4.
18:58 of 3rd period - Brad Richards wins face-off versus Steven Stamkos in neutral zone.
19:01 of 3rd period - Steven Stamkos is hit by Marian Gaborik and loses puck.
19:14 of 3rd period - Penguins, Michal Neuvirth is pulled from the net.
19:35 of 3rd period - Snap shot by Steven Stamkos.
19:35 of 3rd period - Shot Blocked by Marian Gaborik.
19:37 of 3rd period - Snap shot by Steven Stamkos.
19:37 of 3rd period - Stopped by Maxime Daigneault without a rebound.
19:38 of 3rd period - Pat Burns call a timeout for Penguins.
19:38 of 3rd period - Steven Stamkos wins face-off versus Brad Richards in Coyotes zone.
Goals for this period are 1 for Coyotes vs 1 for Penguins.
Shots for this period are 12 for Coyotes vs 12 for Penguins.